 Dungeon Crawl Stone Soup version 0.16.1-51-g6203257 (webtiles) character file.

131 kae the Poker (level 5, -2/49 HPs)
             Began as a Naga Fighter on July 11, 2015.
             Killed by divine providence
             ... invoked by an orc priest
              (16 damage)
             ... on level 3 of the Dungeon.
             The game lasted 00:02:23 (2524 turns).

kae the Poker (Naga Fighter)                        Turns: 2524, Time: 00:02:24

Health: -2/49      AC:  8    Str: 20    XL:     5   Next: 14%
Magic:  5/5        EV:  5    Int:  8    God:
Gold:   96         SH:  8    Dex: 10    Spells: 0 memorised, 4 levels left

rFire  . . .     SeeInvis +     a - +0 trident
rCold  . . .     Clarity  .     b - +1 scale mail
rNeg   . . .     SustAb   .     c - +0 shield
rPois  +         Gourm    .     (no helmet)
rElec  .         Spirit   .     (no cloak)
rCorr  .         Warding  .     (no gloves)
rMut   .         Stasis   .     (no barding)
MR     .....                    (no amulet)
Stlth  ..........               (no ring)
                                i - +2 ring of protection

@: short of breath, very slow, not resistant to hostile enchantments, extremely
unstealthy
A: spit poison, see invisible, deformed body, poison resistance, slowness 2, AC
+1
a: Spit Poison


You were on level 3 of the Dungeon.
You were hungry.

You visited 1 branch of the dungeon, and saw 3 of its levels.

You collected 96 gold pieces.

Inventory:

Hand weapons
 a - a +0 trident (weapon)
Armour
 b - a +1 scale mail (worn)
 c - a +0 shield (worn)
Jewellery
 i - a +2 ring of protection (left hand)
Scrolls
 j - 3 scrolls of remove curse
 l - a scroll of noise {unknown}
 n - a scroll of enchant weapon {unknown}
Potions
 e - 2 potions of might
 g - a potion of restore abilities {unknown}
 h - 2 potions of invisibility
 m - a potion of ambrosia {unknown}
 p - a potion of mutation {unknown}
Comestibles
 d - 4 bread rations
 f - 7 fruits
 k - a meat ration
 r - a slice of pizza


   Skills:
 - Level 3.0 Fighting
 + Level 5.2 Polearms
 - Level 2.4 Armour
 - Level 2.4 Shields


You had 4 spell levels left.
You didn't know any spells.

Dungeon Overview and Level Annotations

Branches:
Dungeon (3/15)

Altars:
Ashenzari


Innate Abilities, Weirdness & Mutations

You cannot wear boots.
You can spit poison.
Your serpentine skin is tough (AC +1).
You have supernaturally acute eyesight.
Armour fits poorly on your strangely shaped body.
Your system is resistant to poisons.
You cover ground very slowly.


Message History

You completely miss the orc priest.
The orc priest is almost dead.
The orc hits you but does no damage.
The orc priest calls down the wrath of Beogh upon you.
Something smites you!
* * * LOW HITPOINT WARNING * * *
You are too injured to fight recklessly!
You are too injured to fight recklessly!
You are too injured to fight recklessly!
You are too injured to fight recklessly!
You are too injured to fight recklessly!
You are too injured to fight recklessly!
Use which ability? (? or * to list)
Press: ? - help, Shift-Dir - straight line, f - orc priest
Aim: an orc priest, wielding a short sword and wearing a ring mail (almost dead)
The splash of poison misses the orc priest.
You feel slightly more hungry. The orc barely misses you.
The orc priest calls down the wrath of Beogh upon you.
Something smites you!
You die...

** *,**#...,..#
##.#.....###.# ,*
*,,,....*###
#........###.. ,*
**,.....*
#..#.......#.. ,*
*,#####*
#####..####..#.#.#
,******,*
#........##.......
,,,,,,,,*
#.###............)
,******** #.#
#............. **
#.# #########..#..
#@#**** #.....
#oo...# ****##.###
#####.# *,,,...# #
*,***,*#####
*,*,,,,,******
*,*,,,,,,,,,,,
*******,*,,,,,,***,,
*,,,,,,,*,,,,,,***,,
*,*******,,,,,,*,,,,


You could see an orc priest and an orc.

Vanquished Creatures
  3 adders
  4 worms
  An adder zombie (D:1)
  An ooze (D:3)
  2 orcs (D:3)
  2 ball pythons (D:3)
  A bat zombie (D:1)
  8 hobgoblins
  8 jackals
  2 quokkas (D:3)
  9 bats
  A giant cockroach (D:3)
  2 giant geckos (D:1)
  2 giant newts (D:2)
  9 goblins
  11 kobolds
  6 rats
72 creatures vanquished.

Notes
Turn   | Place    | Note
--------------------------------------------------------------
     0 | D:1      | kae, the Naga Fighter, began the quest for the Orb.
     0 | D:1      | Reached XP level 1. HP: 21/21 MP: 1/1
   111 | D:1      | Reached XP level 2. HP: 28/28 MP: 2/2
   292 | D:1      | Found a shattered altar of Ashenzari.
   605 | D:1      | Reached XP level 3. HP: 34/34 MP: 3/3
  1210 | D:2      | Reached skill level 4 in Polearms
  1335 | D:2      | Reached XP level 4. HP: 27/42 MP: 4/4
  2217 | D:3      | Reached skill level 5 in Polearms
  2224 | D:3      | Reached XP level 5. HP: 25/49 MP: 5/5
  2524 | D:3      | Killed from afar by an orc priest

Action                   |  1- 3 |  4- 6 || total
-------------------------+-------+-------++-------
Melee: Trident           |   129 |   188 ||   317
 Abil: Spit Poison       |       |     1 ||     1
  Use: Scroll            |       |     7 ||     7
  Eat: Chunk             |     1 |     4 ||     5
